 Dungeon Crawl Stone Soup version 0.27-a0-394-g49c82dfaf2 (webtiles) character file.

Game seed: 12031517944894057240

215 foci the Covered (level 5, -3/32 HPs)
             Began as a Gargoyle Fighter on Feb 21, 2021.
             Was an Initiate of Makhleb.
             Slain by an ogre
             ... wielding a +0 giant club
              (17 damage)
             ... on level 4 of the Dungeon.
             The game lasted 00:04:01 (3778 turns).

foci the Covered (Gargoyle Fighter)                 Turns: 3778, Time: 00:04:01

Health: -3/32      AC: 11    Str: 19    XL:     5   Next: 92%
Magic:  5/5        EV:  7    Int:  9    God:    Makhleb [......]
Gold:   204        SH:  9    Dex: 10    Spells: 4/4 levels left

rFire    . . .     SeeInvis .   a - +0 war axe
rCold    . . .     Faith    .   c - +0 kite shield
rNeg     + . .     Spirit   .   b - +0 scale mail
rPois    ∞         Reflect  .   (no helmet)
rElec    +         Harm     .   (no cloak)
rCorr    .         Rampage  .   (no gloves)
Will     .....                  (no boots)
Stlth    ..........             (no amulet)
HPRegen  0.10/turn              (no ring)
MPRegen  0.09/turn              (no ring)

@: no status effects
A: negative energy resistance 1, electricity resistance, unbreathing,
petrification resistance, miasma immunity, AC +4
a: Renounce Religion


You were on level 4 of the Dungeon.
You worshipped Makhleb.
Makhleb was noncommittal.
You visited 1 branch of the dungeon, and saw 4 of its levels.

You collected 204 gold pieces.

Inventory:

Hand Weapons
 a - a +0 war axe (weapon)
Armour
 b - a +0 scale mail (worn)
 c - a +0 kite shield (worn)
Scrolls
 e - a scroll of fog {unknown}
 f - a scroll of fear {unknown}
 g - 2 scrolls of enchant armour {unknown}
 h - 2 scrolls of immolation {unknown}
 i - a scroll of blinking {unknown}
 j - 3 scrolls of magic mapping {unknown}
 n - a scroll of identify {unknown}
Potions
 d - a potion of might
 k - 3 potions of mutation {unknown}
 l - a potion of curing {unknown}
 m - 2 potions of cancellation {unknown}
 o - a potion of magic {unknown}
 p - a potion of haste {unknown}


   Skills:
 + Level 3.6 Fighting
 * Level 4.0 Axes
 + Level 4.3 Armour
 + Level 1.0 Dodging
 + Level 3.8 Shields


You had 4 spell levels left.
You didn't know any spells.
Your spell library was empty.

Dungeon Overview and Level Annotations

Branches:
Dungeon (4/15)
 Temple: D:4-7

Altars:
Elyvilon
Fedhas
Gozag
Makhleb
Nemelex Xobeh
Uskayaw
Wu Jian
The Shining One


Innate Abilities, Weirdness & Mutations

You are resistant to torment.
Your stone body is resilient. (AC +4)
You are immune to poison.
You resist negative energy. (rN+)
You are resistant to electric shocks. (rElec)
You can survive without breathing.
You are immune to petrification.
You are immune to miasma.


Message History

A worm is nearby!
You hit the worm.
The worm is lightly wounded.
The worm bites you.
You hit the worm.
The worm is moderately wounded.
You block the worm's attack.
You hit the worm.
The worm is severely wounded.
The worm closely misses you.
You slash the worm!
You kill the worm!
Makhleb accepts your kill.
You see here a worm corpse.
Found a stone staircase leading down.
There is a stone staircase leading down here.
There is a stone staircase leading down here.
Found 16 arrows.
You open the door.
Found 17 bolts.
There is an open door here.
Found a stone staircase leading down.
You see here a scroll labelled CANOMU CASORAW.
You slash the ogre!
The ogre is moderately wounded.
The ogre barely misses you. The ogre closely misses you.
You completely miss the ogre.
The ogre is moderately wounded.
You block the ogre's attack.
You hit the ogre.
The ogre is moderately wounded.
The ogre hits you with a +0 giant club!
You hit the ogre.
The ogre is heavily wounded.
The ogre hits you with a +0 giant club.
You barely miss the ogre.
The ogre is heavily wounded.
The ogre hits you with a +0 giant club!
Ouch! That really hurt!
You die...

#(...# #....#
#....#
#....#####..#
##'##........
#.##.####...
####..#.##
#........#
#.###@#..#
#O#.....
#....####
...... #
..##### #.
.... #. .>...
#. ...## #.
+.


You could see an ogre.

Vanquished Creatures
  A scorpion (D:4)
  A worker ant (D:4)
  6 adders
  4 oozes
  3 worms
  3 dart slugs (D:1)
  2 leopard geckos
  4 ball pythons
  6 bats
  5 giant cockroaches
  2 goblins
  8 hobgoblins
  2 jackals (D:2)
  A quokka (D:3)
  A frilled lizard (D:2)
  6 kobolds
  5 rats (D:1)
60 creatures vanquished.

Notes
Turn   | Place    | Note
-------+----------+-------------------------------------------
     0 | D:1      | foci the Gargoyle Fighter began the quest for the Orb.
     0 | D:1      | Reached XP level 1. HP: 14/14 MP: 1/1
   320 | D:1      | Reached XP level 2. HP: 18/19 MP: 2/2
   426 | D:1      | Reached XP level 3. HP: 23/23 MP: 3/3
  1305 | D:2      | Reached XP level 4. HP: 28/28 MP: 4/4
  2432 | D:3      | Found a white marble altar of Elyvilon.
  2433 | D:3      | Found an opulent altar of Gozag.
  2439 | D:3      | Found a sparkling altar of Nemelex Xobeh.
  2440 | D:3      | Found a blossoming altar of Fedhas.
  2441 | D:3      | Found a glowing golden altar of the Shining One.
  2471 | D:3      | Reached XP level 5. HP: 32/32 MP: 5/5
  3059 | D:3      | Found an ornate altar of the Wu Jian Council.
  3061 | D:3      | Found a burning altar of Makhleb.
  3065 | D:3      | Became a worshipper of Makhleb the Destroyer
  3070 | D:3      | Found a hide-covered altar of Uskayaw.
  3096 | D:4      | Noticed an ogre
  3146 | D:4      | Reached skill level 1 in Dodging
  3778 | D:4      | Slain by an ogre

Illustrated notes

Levels and vault maps discovered:
D:1:      dpeg_arrival_three_smaller_balls, layout_basic
D:2:      layout_loops_ring, nicolae_overflow_hidden_temple, dk_vineyard_2
D:3:      layout_basic, grunt_temple_overflow_open,
          grunt_temple_overflow_diamond
D:4:      layout_basic, hangedman_abyss_or_decor_slice

Skill      XL: |  1  2  3  4  5 |
---------------+----------------+-----
Axes           | 2 3 4 |  4.0
Armour         | 4 |  4.3
Dodging        | 1 |  1.0
Fighting       | |  3.6
Shields        | |  3.8

Action                   |  1- 3 |  4- 6 || total
-------------------------+-------+-------++-------
Melee: War axe           |   113 |   128 ||   241
Armor: Scale mail        |    93 |    63 ||   156
Dodge: Dodged            |    55 |    38 ||    93
Block: Kite shield       |    90 |    68 ||   158

Table legend: (Time is in decaauts)
 A = Elapsed time spent in this place.
 B = Non-inter-level travel time spent in this place.
 C = Inter-level travel time spent in this place.
 D = Time resting spent in this place.
 E = Time spent auto-exploring this place.
 F = Levels seen in this place.
 G = Mean time per level.
                   A        B        C        D        E       F      G
               +--------+--------+--------+--------+--------+-----+--------+
         Total |   3920 |   3843 |     77 |      0 |   3053 |   4 |  980.0 |
       Dungeon |   3920 |   3843 |     77 |      0 |   3053 |   4 |  980.0 |
               +--------+--------+--------+--------+--------+-----+--------+

Top non-repeatable levels by time:
     D:3: 1128 daAuts
     D:2: 1085 daAuts
     D:1: 1038 daAuts
     D:4: 667 daAuts
